Cogmind - Beta 15 @@@ ROGUE MODE // 2025.08.01 @ 19:49:42 Player: swetpototo Result: Destroyed by B-90 Cyclops with Nova Cannon Performance ------------- Evolutions (8) 4000 Regions Visited (10) 2000 Robots Destroyed (22) 110 Value Destroyed (741) 741 Prototype IDs (3) 60 Alien Tech Used (0) 0 Bonus (1000) 1000 TOTAL SCORE: 7911 Bonus ------- Entered DSFs 1000 Cogmind --------- Core Integrity 0/1450 Matter 300/300 Energy 99/100 System Corruption 6% Temperature Hot (289) Movement Core (50) Location -2/Research Parts ------- > --- POWER (3) -------- (None) > --- PROPULSION (10) -- (None) > --- UTILITY (8) ------ Advanced Signal Interpreter > --- WEAPON (2) ------- (None) > --- INVENTORY (5) ---- Quantum Reactor Light Quantum Reactor Advanced Power Amplifier Long-range Tractor Beam Peak State ------------ > --- POWER ------------ Fission Core Light Quantum Reactor > --- PROPULSION ------- Gyrokinetic Inverter Improved Gyrokinetic Inverter Improved Gyrokinetic Inverter Field Propulsion Drive > --- UTILITY ---------- Advanced Sensor Array Advanced Signal Interpreter Advanced Signal Interpreter Advanced Signal Interpreter Graphene Brace System Shield System Shield System Shield > --- WEAPON ----------- Force Lance > --- INVENTORY -------- Neutrino Core Quantum Reactor Advanced Power Amplifier Long-range Tractor Beam Improved KE Penetrator [Rating: 86] Favorites ----------- Power Light Ion Engine Engine Light Ion Engine Power Core Neutrino Core Reactor Heavy Antimatter Reactor Propulsion Flight Unit Leg Aluminum Leg Hover Unit Improved Gyrokinetic Inverter Flight Unit Flight Unit Utility Small Storage Unit Device Structural Scanner Storage Small Storage Unit Processor Advanced Signal Interpreter Hackware System Shield Weapon Light Assault Rifle Energy Gun Medium Laser Ballistic Gun Light Assault Rifle Launcher Grenade Launcher Special Weapon Welding Torch Piercing Weapon Force Lance Build | -11 -10 -10 -7 -7 -5 -5 -4 -3 -3 -2 ------- Run | Yrd Mat Sub Rec Scr Fac DSF Fac Res DSF Res Slots Evolved 16 | . . . . . 10 . 2 2 . 2 Power 2 | . . . . . 1 . 1 . . . Propulsion 8 | . . . . . 3 . 1 2 . 2 Utility 6 | . . . . . 6 . . . . . Weapon . | . . . . . . . . . . . Parts Attached 71 | . 11 . 3 1 12 4 25 1 2 12 Power 11 | . 2 . . 1 2 . 4 . . 2 Engine 3 | . 2 . . 1 . . . . . . Core 6 | . . . . . 2 . 3 . . 1 Reactor 2 | . . . . . . . 1 . . 1 Propulsion 30 | . 3 . 2 . 7 2 12 . . 4 Treads . | . . . . . . . . . . . Leg . | . . . . . . . . . . . Wheel . | . . . . . . . . . . . Hover 15 | . . . . . 5 . 10 . . . Flight 15 | . 3 . 2 . 2 2 2 . . 4 Utility 19 | . 2 . . . 3 2 5 1 2 4 Device 9 | . 1 . . . 3 . 2 1 . 2 Storage 2 | . . . . . . 2 . . . . Processor 3 | . . . . . . . . . 2 1 Hackware 5 | . 1 . . . . . 3 . . 1 Protection . | . . . . . . . . . . . Artifact . | . . . . . . . . . . . Weapon 11 | . 4 . 1 . . . 4 . . 2 Energy Gun . | . . . . . . . . . . . Energy Cannon . | . . . . . . . . . . . Ballistic Gun 6 | . 2 . 1 . . . 1 . . 2 Ballistic Cannon . | . . . . . . . . . . . Launcher 2 | . 1 . . . . . 1 . . . Special Weapon 1 | . 1 . . . . . . . . . Impact Weapon . | . . . . . . . . . . . Slashing Weapon . | . . . . . . . . . . . Piercing Weapon 2 | . . . . . . . 2 . . . Special Melee Weapon . | . . . . . . . . . . . Unidentified Prototypes 3 | . . . . . . . 3 . . . Parts Lost 53 | . 7 . . . . 8 17 . 1 20 Power 6 | . 1 . . . . 2 2 . . 1 Propulsion 21 | . 3 . . . . 1 9 . 1 7 Utility 17 | . 1 . . . . 3 5 . . 8 Weapon 9 | . 2 . . . . 2 1 . . 4 Highest Loss Streak 20 | . 4 . . . . 8 6 . 1 20 To Critical Strikes . | . . . . . . . . . . . Average Backups 6 | . 6 7 7 8 6 7 5 5 5 4 Power 1 | . . 1 . . 2 3 2 2 2 1 Propulsion 1 | . 1 1 1 2 . 1 . 1 1 . Utility 1 | . 1 2 2 2 . . . . . 1 Weapon 2 | . 1 2 2 2 3 3 2 2 2 . Tool/Special . | . . . . . . . . . . . Unused Backups 23 | . 12 . 4 2 . . 2 . . 3 Power 2 | . 1 . . . . . . . . 1 Propulsion 8 | . 6 . 1 1 . . . . . . Utility 8 | . 2 . 3 . . . 1 . . 2 Weapon 5 | . 3 . . 1 . . 1 . . . Tool/Special . | . . . . . . . . . . . Average Slot Usage (%) 65 | . 87 85 90 100 72 59 24 24 30 38 Engine 3 | . 5 . 5 14 5 4 . . . . Leg 3 | . 9 . . . . . . . . . Hover 3 | . . . . . 9 17 7 9 9 8 Flight 13 | . 17 28 28 28 13 3 1 4 2 1 Device 9 | . 11 14 14 14 20 11 2 . 4 4 Storage 9 | . 14 14 14 14 5 14 3 . . . Processor 1 | . . . . . . . . . 3 9 Hackware 3 | . . . . . . . 5 9 9 9 Energy Gun 1 | . 3 . . . . . . . . . Ballistic Gun 14 | . 20 28 28 28 11 2 . . . . Peak Build Rating 86 | . 9 6 14 17 53 57 67 36 46 86 Average Rating 20 | . 6 6 10 14 37 46 31 31 39 49 On Entrance 21 | 6 6 6 6 14 14 53 28 29 36 40 Naked Turns . | . . . . . . . . . . . Heaviest Build 39 | 12 13 8 11 11 22 27 39 1 1 33 Greatest Support 79 | 20 20 8 11 11 79 79 56 7 7 35 Greatest Overweight (x) 4 | . 4 . 1 . . 1 4 . . 2 Average Overweight (x) . | . . . . . . . . . . . Largest Inventory Capacity 8 | . 8 8 8 8 8 8 8 5 5 5 Average Capacity 6 | . 8 8 8 8 8 8 5 5 5 5 Most Carried 8 | . 8 7 8 8 8 8 8 5 5 5 Average Carried 6 | . 6 7 7 7 6 7 5 5 5 4 Final Capacity 8 | 8 8 8 8 8 8 8 5 5 5 5 Final Carried 8 | 6 7 7 8 8 8 7 5 5 5 4 Class Distribution -------------------- 79% | Mutant 20% | Hacker-Mutant Dominant Class ---------------- Mutant | -10/Materials Mutant | -10/Subcaves Mutant | -7/Recycling Mutant | -7/Scraptown Mutant | -5/Factory Mutant | -5/DSF Mutant | -4/Factory Hacker-Mutant | -3/Research Hacker-Mutant | -3/DSF Hacker-Mutant | -2/Research Resources | -11 -10 -10 -7 -7 -5 -5 -4 -3 -3 -2 ----------- Run | Yrd Mat Sub Rec Scr Fac DSF Fac Res DSF Res Matter Collected 842 | 200 155 . 58 . 53 2 129 . 9 236 Remotely . | . . . . . . . . . . . Salvage Created 582 | . 314 . . . . . 157 . . 111 Parts 43 | . 23 . . . . . 12 . . 8 Haulers Intercepted . | . . . . . . . . . . . Recyclers Shooed 1 | . . . . . . . . . . 1 Parts Field Recycled . | . . . . . . . . . . . Retrieved Matter . | . . . . . . . . . . . Parts Self-Destructed 3 | . . 3 . . . . . . . . Prevented . | . . . . . . . . . . . Kills | -11 -10 -10 -7 -7 -5 -5 -4 -3 -3 -2 ------- Run | Yrd Mat Sub Rec Scr Fac DSF Fac Res DSF Res Combat Hostiles Destroyed 20 | . 13 . . . . . 4 . . 3 Melee 3 | . . . . . . . 2 . . 1 Guns 10 | . 7 . . . . . 1 . . 2 AOE 7 | . 6 . . . . . 1 . . . Classes Destroyed 5 | . 4 . . . . . 1 . . . Recycler 1 | . 1 . . . . . . . . . Operator 1 | . 1 . . . . . . . . . Swarmer 11 | . 8 . . . . . . . . 3 Grunt 5 | . 5 . . . . . . . . . Programmer 4 | . . . . . . . 4 . . . Best Kill Streak 5 | . 5 . . . . . 2 . . 1 Combat Bots Only 4 | . 4 . . . . . 2 . . 1 Max Kills in Single Turn 4 | . 4 . . . . . 1 . . 1 Gunslinging . | . . . . . . . . . . . Exploded 2 | . 2 . . . . . 1 . . . Melee 1 | . . . . . . . 1 . . 1 Uniques/NPCs Destroyed . | . . . . . . . . . . . Combat | -11 -10 -10 -7 -7 -5 -5 -4 -3 -3 -2 -------- Run | Yrd Mat Sub Rec Scr Fac DSF Fac Res DSF Res Hostile Shots Fired 604 | . 88 31 . . . 74 201 . 21 189 Missed 249 | . 34 17 . . . 25 87 . 9 77 Hits 355 | . 54 14 . . . 49 114 . 12 112 Melee 21 | . . . . . . 7 7 . 7 . Projectile 334 | . 54 14 . . . 42 107 . 5 112 AOE 5 | . 1 . . . . 2 . . 2 . Critical Strikes 17 | . . . . . . 3 8 . 3 3 Actively Blocked 3 | . . . . . . . . . 3 . Part Disruptions 1 | . . . . . . . 1 . . . Damage Taken 7258 | . 653 120 . . . 1073 2301 . 440 2671 Core 3218 | . 141 33 . . . 381 809 . 380 1474 Absorbed by Shields 179 | . . . . . . . 141 . 38 . Ignored by Resistances 22 | . . . . . . . 22 . . . Regen/Repaired (Parts) 4 | . 4 . . . . . . . . . Core Remaining (%) 58 | 100 . . . 30 . 61 29 . 70 . Volleys Fired 47 | . 27 . . . . . 9 . . 11 Largest 2 | . 2 . . . . . 1 . . 1 Hottest 90 | . 90 . . . . . 33 . . 40 Shots Fired 63 | . 43 . . . . . 9 . . 11 Gun 52 | . 34 . . . . . 7 . . 11 Cannon . | . . . . . . . . . . . Launcher 7 | . 5 . . . . . 2 . . . Special 4 | . 4 . . . . . . . . . Kinetic 38 | . 20 . . . . . 7 . . 11 Thermal 11 | . 11 . . . . . . . . . Explosive 7 | . 5 . . . . . 2 . . . Electromagnetic 7 | . 7 . . . . . . . . . Robot Hit Streak 5 | . 3 . . . . . 5 . . 3 Robot Miss Streak 2 | . 2 . . . . . 2 . . 2 Penetration Max . | . . . . . . . . . . . Secondary Targets 1 | . 1 . . . . . . . . . Max Gunslinging Chain 1 | . 1 . . . . . . . . . Shots Hit Robots 39 | . 23 . . . . . 10 . . 6 Core Hits 36 | . 20 . . . . . 9 . . 7 Critical Kills 1 | . . . . . . . . . . 1 Critical Parts Destroyed 1 | . . . . . . . 1 . . . Critical Strikes 2 | . . . . . . . 1 . . 1 Destroy 2 | . . . . . . . 1 . . 1 Melee Attacks 9 | . . . . . . . 5 . . 4 Impact . | . . . . . . . . . . . Slashing . | . . . . . . . . . . . Piercing 9 | . . . . . . . 5 . . 4 Sneak Attacks . | . . . . . . . . . . . Combat Hostiles . | . . . . . . . . . . . Follow-up Attacks . | . . . . . . . . . . . Damage Inflicted 1429 | . 577 . . . . . 607 . . 245 Guns 469 | . 213 . . . . . 116 . . 140 Cannons . | . . . . . . . . . . . Explosions 631 | . 364 . . . . . 267 . . . Melee 204 | . . . . . . . 172 . . 32 Ramming 125 | . . . . . . . 52 . . 73 Kinetic 382 | . 126 . . . . . 116 . . 140 Thermal 176 | . 176 . . . . . . . . . Explosive 503 | . 236 . . . . . 267 . . . Electromagnetic 39 | . 39 . . . . . . . . . Impact . | . . . . . . . . . . . Slashing . | . . . . . . . . . . . Piercing 204 | . . . . . . . 172 . . 32 Highest Corruption 6 | . 1 1 1 . . . 3 . . 6 Average Corruption 1 | . 1 1 1 . . . 2 . . 3 Corruption Purged . | . . . . . . . . . . . Corruption Blocked . | . . . . . . . . . . . Effects 11 | . 1 2 3 . . . 4 . . 1 Message Errors 4 | . . 1 1 . . . 1 . . 1 Matter Fused 2 | . . . 1 . . . 1 . . . Heat Flow Errors 1 | . . . 1 . . . . . . . Energy Discharges 2 | . . 1 . . . . 1 . . . Parts Fused 1 | . . . . . . . 1 . . . Data Loss (minor) 1 | . 1 . . . . . . . . . Overload Shots . | . . . . . . . . . . . Overflow Damage 27 | . . . . . . . 27 . . . Projectiles . | . . . . . . . . . . . Explosions 20 | . . . . . . . 20 . . . Melee 7 | . . . . . . . 7 . . . Knockbacks . | . . . . . . . . . . . Impact . | . . . . . . . . . . . Kinetic . | . . . . . . . . . . . Secondary . | . . . . . . . . . . . Self-Inflicted Damage 82 | . 26 . . . . . 24 . . 32 Shots 2 | . 2 . . . . . . . . . Rammed 33 | . . . . . . . 9 . . 24 Targets Rammed 33 | . . . . . . . 9 . . 24 Kicked . | . . . . . . . . . . . Crushed . | . . . . . . . . . . . Highest Temperature 360 | . 132 . 175 . 3 31 9 . . 360 Average Temperature 58 | . 46 . 89 . 3 14 5 . . 320 Received Heat Transfer 1135 | . 72 66 . . . 204 357 . . 436 Siege Activations . | . . . . . . . . . . . Martial Activations . | . . . . . . . . . . . Shielding Activations . | . . . . . . . . . . . Robots Disrupted . | . . . . . . . . . . . Combat Hostiles . | . . . . . . . . . . . Robots Corrupted . | . . . . . . . . . . . Combat Hostiles . | . . . . . . . . . . . Parts Fried . | . . . . . . . . . . . Impact Corruptions . | . . . . . . . . . . . Robots Melted . | . . . . . . . . . . . Combat Hostiles . | . . . . . . . . . . . Parts Melted . | . . . . . . . . . . . Heat Transferred 398 | . 398 . . . . . . . . . Parts Sabotaged . | . . . . . . . . . . . Parts Stolen . | . . . . . . . . . . . Parts Stripped . | . . . . . . . . . . . Power Chain Reactions 1 | . 1 . . . . . . . . . Alert | -11 -10 -10 -7 -7 -5 -5 -4 -3 -3 -2 ------- Run | Yrd Mat Sub Rec Scr Fac DSF Fac Res DSF Res Maximum Alert Level 1 | . 1 . . . . . 1 . . . Low Security (%) 99 | . 98 . 100 . 100 100 99 100 100 100 Level 1 . | . 1 . . . . . . . . . Level 2 . | . . . . . . . . . . . Level 3 . | . . . . . . . . . . . Level 4 . | . . . . . . . . . . . Level 5 . | . . . . . . . . . . . High Security . | . . . . . . . . . . . Max Security . | . . . . . . . . . . . Peak Influence 206 | . 206 . 24 . . 3 200 83 51 125 Initial 83 | . . . 24 . . 3 . 83 51 22 Average 69 | . 125 . 3 . . . 48 76 46 28 Influence Increases 1290 | . 475 60 . . 5 . 450 5 . 295 Destroy 0b10 Robot/C 400 | . 260 . . . . . 80 . . 60 Destroy 0b10 Robot/NC 10 | . 10 . . . . . . . . . Destroy Leader 90 | . 60 . . . . . 20 . . 10 Successful Hack 52 | . 34 . . . 5 . 8 5 . . Disable Machine 90 | . 30 . . . . . 45 . . 15 Destroy Structure 108 | . 36 . . . . . 72 . . . Partial Spotted 75 | . . . . . . . 75 . . . Lose Combat Pursuer 465 | . 45 60 . . . . 150 . . 210 Influence Decreases 1260 | . 419 66 50 . . 5 291 96 27 306 Entered New Map 168 | . . 28 26 . . 2 . 76 17 19 Time Decay 689 | . 349 38 24 . . . 161 20 . 97 Lost Part 403 | . 70 . . . . 3 130 . 10 190 Squads Dispatched 14 | . 4 . . . . 1 7 . 1 1 Investigation 5 | . 3 . . . . . 2 . . . Extermination 3 | . . . . . . . 2 . . 1 Reinforcement 5 | . 1 . . . . 1 2 . 1 . Assault . | . . . . . . . . . . . Garrison 1 | . . . . . . . 1 . . . Intercept . | . . . . . . . . . . . Searches Triggered . | . . . . . . . . . . . Construction Impeded 1 | . . . . . . . 1 . . . Haulers Reinforced . | . . . . . . . . . . . Active Scanning Responses . | . . . . . . . . . . . Cargo Convoy Interrupts . | . . . . . . . . . . . Stealth | -11 -10 -10 -7 -7 -5 -5 -4 -3 -3 -2 --------- Run | Yrd Mat Sub Rec Scr Fac DSF Fac Res DSF Res Distress Signals 4 | . 1 . . . . . 2 . . 1 Communications Jammed . | . . . . . . . . . . . Distress Signals . | . . . . . . . . . . . Times Spotted 94 | . 22 11 . . . 4 25 . 5 27 Peak Tracking Total 10 | . 6 10 . . . 4 8 . 5 10 Tactical Retreats 11 | . 1 1 . . . . 5 . . 4 Traps | -11 -10 -10 -7 -7 -5 -5 -4 -3 -3 -2 ------- Run | Yrd Mat Sub Rec Scr Fac DSF Fac Res DSF Res Traps Triggered 6 | . 3 . . . . . 2 . 1 . Indirectly . | . . . . . . . . . . . Trap Hack Attempts . | . . . . . . . . . . . Triggered . | . . . . . . . . . . . Disarmed . | . . . . . . . . . . . Reprogrammed . | . . . . . . . . . . . Reused . | . . . . . . . . . . . Traps Extracted . | . . . . . . . . . . . Installed . | . . . . . . . . . . . Triggered . | . . . . . . . . . . . Machines | -11 -10 -10 -7 -7 -5 -5 -4 -3 -3 -2 ---------- Run | Yrd Mat Sub Rec Scr Fac DSF Fac Res DSF Res Machines Disabled 6 | . 2 . . . . . 3 . . 1 Max in Single Turn 2 | . 1 . . . . . 2 . . 1 Machines Repaired . | . . . . . . . . . . . Machines Dismantled . | . . . . . . . . . . . Machines Sabotaged . | . . . . . . . . . . . Overloaded Fab Kills . | . . . . . . . . . . . Hacking | -11 -10 -10 -7 -7 -5 -5 -4 -3 -3 -2 --------- Run | Yrd Mat Sub Rec Scr Fac DSF Fac Res DSF Res Machines Accessed 26 | . 8 . 6 . 1 . 4 3 . 4 Terminals 19 | . 7 . 3 . 1 . 4 2 . 2 Fabricators 1 | . . . . . . . . 1 . . Repair Stations 1 | . 1 . . . . . . . . . Recycling Units 3 | . . . 2 . . . . . . 1 Scanalyzers . | . . . . . . . . . . . Garrison Access 1 | . . . . . . . . . . 1 Total Hacks 59 | . 26 . 12 . 1 . 7 4 . 9 Successful 30 | . 16 . 5 . 1 . 4 2 . 2 Failed 29 | . 10 . 7 . . . 3 2 . 7 Catastrophic 6 | . 2 . 1 . . . 1 1 . 1 Database Lockouts . | . . . . . . . . . . . Manual 28 | . 21 . 1 . . . 3 1 . 2 Terminals 47 | . 25 . 8 . 1 . 7 2 . 4 Fabricators 2 | . . . . . . . . 2 . . Repair Stations 1 | . 1 . . . . . . . . . Recycling Units 5 | . . . 3 . . . . . . 2 Scanalyzers . | . . . . . . . . . . . Garrison Access 3 | . . . . . . . . . . 3 Terminal Hacks 18 | . 7 . 4 . 1 . 4 1 . 1 Open DSF 4 | . . . . . 1 . 1 1 . 1 Level Access Points 1 | . . . . . . . 1 . . . Branch Access Points 1 | . 1 . . . . . . . . . Terminal Index 1 | . 1 . . . . . . . . . Alert Level 5 | . 1 . 2 . . . 2 . . . Hauler Manifests 1 | . 1 . . . . . . . . . Registered Components 1 | . 1 . . . . . . . . . Zone Layout 3 | . 2 . 1 . . . . . . . Release Object 1 | . . . 1 . . . . . . . Fabricator Hacks 1 | . . . . . . . . 1 . . Network Status 1 | . . . . . . . . 1 . . Repair Station Hacks . | . . . . . . . . . . . Recycling Unit Hacks 2 | . . . 1 . . . . . . 1 Report Inventory 1 | . . . . . . . . . . 1 Retrieve Components 1 | . . . 1 . . . . . . . Scanalyzer . | . . . . . . . . . . . Garrison Access Hacks . | . . . . . . . . . . . Unauthorized Hacks 9 | . 9 . . . . . . . . . Terminals 8 | . 8 . . . . . . . . . Botnet 3 | . 3 . . . . . . . . . Skim 5 | . 5 . . . . . . . . . Fabricators . | . . . . . . . . . . . Repair Stations 1 | . 1 . . . . . . . . . Patch 1 | . 1 . . . . . . . . . Recycling Units . | . . . . . . . . . . . Scanalyzers . | . . . . . . . . . . . Garrison Access . | . . . . . . . . . . . Data Cores Recovered . | . . . . . . . . . . . Used . | . . . . . . . . . . . Hacking Detections 19 | . 7 . 4 . 1 . 3 2 . 2 Full Trace Events 5 | . 2 . 2 . . . 1 . . . Feedback Events 1 | . . . . . . . 1 . . . Hackware Fried 1 | . . . . . . . 1 . . . Feedback Blocked . | . . . . . . . . . . . Robot Schematics Acquired . | . . . . . . . . . . . Robots Built . | . . . . . . . . . . . Authchips . | . . . . . . . . . . . Time . | . . . . . . . . . . . Total Robot Build Rating . | . . . . . . . . . . . Part Schematics Acquired . | . . . . . . . . . . . Parts Built . | . . . . . . . . . . . Authchips . | . . . . . . . . . . . Time . | . . . . . . . . . . . Total Part Build Rating . | . . . . . . . . . . . Parts Repaired . | . . . . . . . . . . . Time . | . . . . . . . . . . . Parts Recycled . | . . . . . . . . . . . Recycled Matter . | . . . . . . . . . . . Retrieved Matter . | . . . . . . . . . . . Retrieved Components 2 | . . . 2 . . . . . . . Parts Scanalyzed . | . . . . . . . . . . . Part Schematics Acquired . | . . . . . . . . . . . Parts Damaged . | . . . . . . . . . . . Bothacking | -11 -10 -10 -7 -7 -5 -5 -4 -3 -3 -2 ------------ Run | Yrd Mat Sub Rec Scr Fac DSF Fac Res DSF Res Used RIF Installer . | . . . . . . . . . . . Robots Hacked . | . . . . . . . . . . . Non-combat . | . . . . . . . . . . . Combat . | . . . . . . . . . . . Robot Hacks Applied . | . . . . . . . . . . . Relay Couplers Released . | . . . . . . . . . . . Fabnet Peak Effective % . | . . . . . . . . . . . Robots Rewired . | . . . . . . . . . . . Allies Hacked . | . . . . . . . . . . . Hacks Repelled . | . . . . . . . . . . . Allies | -11 -10 -10 -7 -7 -5 -5 -4 -3 -3 -2 -------- Run | Yrd Mat Sub Rec Scr Fac DSF Fac Res DSF Res Total Allies . | . . . . . . . . . . . Largest Group . | . . . . . . . . . . . Highest-Rated Group . | . . . . . . . . . . . Highest-Rated Ally . | . . . . . . . . . . . Total Orders . | . . . . . . . . . . . Ally Attacks . | . . . . . . . . . . . Total Damage . | . . . . . . . . . . . Kills . | . . . . . . . . . . . Allies Corrupted . | . . . . . . . . . . . Allies Melted . | . . . . . . . . . . . Intel | -11 -10 -10 -7 -7 -5 -5 -4 -3 -3 -2 ------- Run | Yrd Mat Sub Rec Scr Fac DSF Fac Res DSF Res Active Infowar (turns) 1323 | . 649 85 243 172 53 37 . . . 84 Sensors 166 | . . . . . 45 37 . . . 84 Structural 1229 | . 649 85 243 172 53 27 . . . . ECM 1 | . . . . . 1 . . . . . Robot Analysis Total . | . . . . . . . . . . . Derelict Logs Recovered . | . . . . . . . . . . . Drone Launches . | . . . . . . . . . . . Drone Recoveries . | . . . . . . . . . . . Exploration | -11 -10 -10 -7 -7 -5 -5 -4 -3 -3 -2 ------------- Run | Yrd Mat Sub Rec Scr Fac DSF Fac Res DSF Res Turns Passed 2208 | . 788 85 243 172 53 47 435 44 35 306 Spaces Moved 3136 | 1 518 230 515 481 80 70 676 95 61 409 Core 432 | . 1 . . . . . 174 . 24 233 Treads . | . . . . . . . . . . . Legs 159 | 1 158 . . . . . . . . . Wheels . | . . . . . . . . . . . Hover 370 | . . . . . 19 29 242 . . 80 Flight 2175 | . 359 230 515 481 61 41 260 95 37 96 Fastest Speed 27 | 120 37 37 34 34 27 37 39 45 45 39 Average Speed 48 | 120 64 37 43 34 37 51 51 45 46 54 Slowest Speed 280 | 120 280 37 117 34 80 120 250 45 50 150 Overloaded Moves . | . . . . . . . . . . . Propulsion Burnouts . | . . . . . . . . . . . Robots Hopped 24 | . 8 4 6 . . . 5 . . 1 Potential Cave-ins . | . . . . . . . . . . . Cave-ins Triggered . | . . . . . . . . . . . Exploration Rate (%) 43 | 2 95 31 91 46 1 84 28 3 82 12 Regions Visited 10 Branch Regions 3 Pre-discovered Areas 1 | . 1 . . . . . . . . . Known Exits Taken 3 | . . . . . 1 . 1 1 . . Unknown Exits Taken 5 | 1 1 1 1 1 . . . . . . Scrap Searched 5 | . . . . 5 . . . . . . Spaces Dug . | . . . . . . . . . . . Terrain Destroyed 96 | . 46 . . . . . 50 . . . Melee . | . . . . . . . . . . . Projectile . | . . . . . . . . . . . AOE 96 | . 46 . . . . . 50 . . . Terrain Rammed . | . . . . . . . . . . . Walls Destroyed . | . . . . . . . . . . . Machines Disabled . | . . . . . . . . . . . Actions | -11 -10 -10 -7 -7 -5 -5 -4 -3 -3 -2 --------- Run | Yrd Mat Sub Rec Scr Fac DSF Fac Res DSF Res Total 3713 | . 926 225 530 490 101 81 731 95 66 468 Wait 361 | . 360 . . . . . . . . 1 Move 3084 | . 503 221 503 480 79 69 667 94 61 407 Hop 19 | . 6 4 5 . . . 3 . . 1 Pick Up 30 | . 8 . 8 3 4 1 3 . . 3 Fast Attach 54 | . 8 . . 1 6 4 21 1 2 11 Attach 19 | . 3 . 1 . 5 . 6 . . 4 Detach 9 | . 3 . . . 1 . 4 . . 1 Swap 8 | . . . 4 1 2 . 1 . . . Drop 37 | . 8 . 9 5 4 7 3 . . 1 Fire 47 | . 27 . . . . . 9 . . 11 Melee 9 | . . . . . . . 5 . . 4 Ram 33 | . . . . . . . 9 . . 24 Kick . | . . . . . . . . . . . Crush . | . . . . . . . . . . . Escape Stasis 3 | . . . . . . . . . 3 . Rewire . | . . . . . . . . . . . Trap . | . . . . . . . . . . . Miscellaneous . | . . . . . . . . . . . Route ------- -11/Scrapyard -10/Materials (discovered 5 exits: [*Mat x3] / *Min / [*Sub]) -10/Subcaves (discovered 3 exits: Mat x2 / *Rec) -7/Recycling (discovered 2 exits: *Fac / [*Scr]) -7/Scraptown -5/Factory -5/DSF -4/Factory (discovered 4 exits: *Res x4) -3/Research -3/DSF -2/Research (discovered 1 exit: [*Qua]) History --------- Turn | Location | Event 1 | -11/Scrapyard | Discovered new exit (range 0) 1 | -11/Scrapyard | Entered Materials 252 | -10/Materials | Discovered new exit (range 5) 304 | -10/Materials | Lost 4 parts (1p2n1w) 322 | -10/Materials | Discovered new exit (range 16) 331 | -10/Materials | Identified exit to Mines 333 | -10/Materials | Build established: Mutant 354 | -10/Materials | Discovered new exit (range 15) 356 | -10/Materials | Core integrity fell below 50% 418 | -10/Materials | Discovered new exit (range 9) 575 | -10/Materials | Learned Storage machine intel 719 | -10/Materials | Learned Storage stockpile data 789 | -10/Materials | Entered Subcaves 790 | -10/Subcaves | Identified exit to Materials 837 | -10/Subcaves | A swath of the cavern ceiling suddenly collapsed 856 | -10/Subcaves | A swath of the cavern ceiling suddenly collapsed 871 | -10/Subcaves | Discovered new exit (range 10) 874 | -10/Subcaves | Entered Recycling 1049 | -7/Recycling | Discovered new exit (range 16) 1106 | -7/Recycling | Scanned before Scraplab entrance 1109 | -7/Recycling | Discovered new exit (range 11) 1111 | -7/Recycling | Entered Scraplab 1117 | -7/Recycling | Entered Scraptown 1117 | -7/Scraptown | System corruption cleaned by C-Scrubber 1164 | -7/Scraptown | Heard Great Nut preacher, LISTEN AND RECITE! 1186 | -7/Scraptown | Discovered new exit (range 11) 1201 | -7/Scraptown | Visited Bundlers 1257 | -7/Scraptown | Visited Comm Corps 1268 | -7/Scraptown | Visited Awakened 1272 | -7/Scraptown | Visited Junk Repository 1289 | -7/Scraptown | Entered Factory 1289 | -5/Factory | Evolved 10 slots: Power x1, Propulsion x3, Utility x6 1342 | -5/Factory | Identified exit to DSF 1342 | -5/Factory | Entered DSF 1374 | -5/DSF | Additional patrols routed to DSF 1381 | -5/DSF | Discovered new exit (range 16) 1389 | -5/DSF | Entered Factory 1389 | -4/Factory | Evolved 2 slots: Power x1, Propulsion x1 1415 | -4/Factory | Lost 8 parts (2p1n3u2w) 1428 | -4/Factory | Garrison activated, responded to threat 1506 | -4/Factory | Lost 3 parts (1n2u) 1595 | -4/Factory | Lost 6 parts (1p3n2u) 1657 | -4/Factory | Identified exit to Research 1667 | -4/Factory | Adv. Hacking Suite fried by hacking feedback 1682 | -4/Factory | Core integrity fell below 50% 1698 | -4/Factory | Lost 5 parts (1p3n1u) 1824 | -4/Factory | Entered Research 1824 | -3/Research | Evolved 2 slots: Propulsion x2 1868 | -3/Research | Identified exit to DSF 1868 | -3/Research | Entered DSF 1896 | -3/DSF | Additional patrols routed to DSF 1897 | -3/DSF | Discovered new exit (range 15) 1903 | -3/DSF | Identified exit to Research 1903 | -3/DSF | Entered Research 1903 | -2/Research | Evolved 2 slots: Propulsion x2 2138 | -2/Research | Core integrity fell below 50% 2164 | -2/Research | Core integrity fell below 20% 2198 | -2/Research | Lost 20 parts (1p7n8u4w) 2206 | -2/Research | Discovered new exit (range 12) 2206 | -2/Research | Spotted B-90 Cyclops 2209 | -2/Research | Destroyed by B-90 Cyclops with Nova Cannon Last Messages --------------- 02155_ Destabilizing: System corrupted (+2). 02156_ Slammed into S-43 Plague. 02156_ Graphene Brace destroyed. 02157_ Slammed into S-43 Plague. 02160_ Acquired 40 matter. 02161_ Slammed into S-43 Plague. 02162_ Gyrokinetic Inverter destroyed. 02162_ System corrupted by crushing effect (+1). 02163_ Slammed into S-43 Plague. 02163_ Destabilizing: Core damaged (-43). 02164_ Slammed into S-43 Plague. 02167_ System Shield destroyed. 02168_ Slammed into S-43 Plague. 02175_ ALERT: Security rotation in progress. 02196_ M1N%U|8JS=,E5MRWKMI1DMNKH0XXVWXCS 02196_ ALERT: Potential suspicious activity detected, Programmers report to Research Zone 9O. 02206_ EXIT=FOUND 02206_ Critical hit (Meltdown: +400). Map ----- +----------------------------------------------------+ | ?????????????????????????????????????????????# # | | ?????????????????????????????????????????????+ # | | ?????????????????????????????????????????????# # | | ?????????????????????????????#######?????????# # | | ?????????????????????????????# ########### # | | ?????????????????????????????# # | | ?????????????????????????????# + | | ?????????????????????????????# # | | ?????????????????????????????# ##########+##+# | | ?????????????????????????????## ##??????# # | | ??????????????????????????????# #???????# # | | ??????????????????????????????# #???????# # | | ??????????????????????????????# #???????# # | | ??????????????????????????????# #???????# # | | ??????????????????????????????# #???????# # | | ??????????????????????????????# #?############## | | ??????????????????????????????# #? #???????? | | ??????????????????????#"??????# # #???????? | | ????????????????#######"#"#???# # #???????? | | ????????????????#""""" "#"#???# + #???????? | | ????????????????#" " " "#"#???# # +???????? | | ????????????????#" " "##??# # #???????? | | ????????????????#"" "T#### #?######???????? | | ????????????????#" BB #??????????????? | | ????????????????#"" < BB #??????????????? | | ????????????????#" @ #??????????????? | | ????????????????#"" " ########??????????????? | | ????????????????#" " "##?????????????????????? | | ????????????????#" " " "#"#??????????????????????? | | ????????????????#""""" "#"#??????????????????????? | | ?????????????????######?#"#??????????????????????? | | ????????????????????????#"#??????????????????????? | | ?????????????????????????????????????????????????? | | ?????????????????????????????????????????????????? | | ?????????????????????????????????????????????????? | | ?????????????????????????????????????????????????? | | ?????????????????????????????????????????????????? | | ?????????????????????????????????????????????????? | | ?????????????????????????????????????????????????? | | ?????????????????????????????????????????????????? | | ?????????????????????????????????????????????????? | | ?????????????????????????????????????????????????? | | ?????????????????????????????????????????????????? | | ?????????????????????????????????????????????????? | | ?????????????????????????????????????????????????? | | ?????????????????????????????????????????????????? | | ?????????????????????????????????????????????????? | | ?????????????????????????????????????????????????? | | ?????????????????????????????????????????????????? | | ?????????????????????????????????????????????????? | +----------------------------------------------------+ Best States ------------- Heat Dissipation 49 Energy Generation 38 Energy Capacity 885 Matter Stores 300 Matter Capacity 300 Sight Range 16 Robot Scan Range 16 Terrain Scan Density 10 Additional Mass Support 9 Resistance: KI 30 Evasion (%) 64 Offensive Hacking 14 Defensive Hacking 30 Item Schematics ----------------- None Robot Schematics ------------------ None Fabricated ------------ Nothing Repaired ---------- Nothing Alien Tech Used ----------------- None Achievements -------------- None Challenges ------------ None Game ------ Seed StorageMatterClaw Manual? 0 Play Time 00:46:20 Cumulative 108.0 hours Start 2025.07.30 @ 11:44:45 End 2025.08.01 @ 19:49:42 Sessions 3 Manual Loads 0 Difficulty Rogue Special Mode None Game No. 139 Rogue 52 Adventurer 59 Explorer 28 Win Type - Total 14 Types 12/0/2/0/0/0/0/0/0/0 Lore% 34 Gallery% 58 Achievement% 49 Wizard Run 0 Options --------- Layout 2 ASCII 0 Keyboard 1 Movement Arrows Keybinds 1 Fullscreen 2 Font 32/Smallcaps Map View 50x44 Zoom Use 0% Tactical HUD 1 Map Filters NONE Filters NONE Steam 1 RUN: bc27cfc2-b848-4226-ab60-e2ab22921fa1